 Seeded DCSS version 0.29-a0-563-g64e4043184 (webtiles) character file.

Game seed: 8572682691686822440 (custom seed)

1234 happo123 the Covert (level 8, 38/45 HPs)
             Began as a Vampire Enchanter on June 12, 2022.
             Was an Initiate of Wu Jian.
             Quit the game on level 6 of the Dungeon.
             The game lasted 00:17:28 (4806 turns).

happo123 the Covert (Vampire Enchanter)             Turns: 4806, Time: 00:17:28

Health: 38/45      AC:  8    Str:  4 (7)  XL:     8   Next: 24%
Magic:  0/13       EV: 13    Int: 16 (19) God:    Wu Jian [......]
Gold:   306        SH:  0    Dex: 13 (15) Spells: 3/14 levels left

rFire   . . .      SeeInvis +   a - +1 dagger
rCold   + + .      Faith    .   f - orb {guile}
rNeg    + + +      Spirit   .   b - +0 robe
rPois   ∞          Reflect  .   o - +1 helmet
rElec   .          Harm     .   (no cloak)
rCorr   .          Rampage  .   E - +2 pair of gloves
Will    .....                   e - +0 pair of boots
Stlth   ++++++....              (no amulet)
HPRegen 0.00/turn               (no ring)
MPRegen 0.13/turn               (no ring)

@: bloodless, inhibited regen
A: bloodless, fangs 3, see invisible, vampiric 2
a: Bat Form, Revivify, Renounce Religion


You were on level 6 of the Dungeon.
You worshipped Wu Jian.
Wu Jian was noncommittal.
You visited 2 branches of the dungeon, and saw 7 of its levels.

You collected 306 gold pieces.

Inventory:

Hand Weapons
 a - a +1 dagger (weapon)
Missiles
 C - a throwing net
Armour
 b - a +0 robe (worn)
 e - a +0 pair of boots (worn)
 f - an orb of guile (worn)
 o - a +1 helmet (worn)
 v - a +0 pair of gloves
 E - a +2 pair of gloves (worn)
Magical Staves
 w - a staff of fire
Jewellery
 i - an amulet of regeneration
Wands
 r - a wand of polymorph (6)
 A - a wand of paralysis (7)
Scrolls
 d - 4 scrolls of fear {unknown}
 g - 2 scrolls of magic mapping {unknown}
 j - a scroll of blinking {unknown}
 k - 6 scrolls of teleportation {unknown}
 m - a scroll of summoning
 s - 3 scrolls of identify {unknown}
 t - a scroll of enchant weapon {unknown}
 x - a scroll of vulnerability {unknown}
 y - a scroll of noise {unknown}
 z - a scroll of poison {unknown}
 D - a scroll of brand weapon {unknown}
Potions
 c - 2 potions of invisibility
 h - a potion of curing {unknown}
 l - 2 potions of heal wounds {unknown}
 n - a potion of resistance {unknown}
 p - a potion of flight {unknown}
 q - 2 potions of ambrosia {unknown}
 u - a potion of lignification {unknown}
 B - a potion of magic {unknown}
 F - 2 potions of haste {unknown}


   Skills:
 + Level 2.6 Fighting
 + Level 3.5 Short Blades
 + Level 4.2 Dodging
 * Level 8.5 Stealth
 + Level 3.5 Spellcasting
 * Level 8.1 Hexes
 + Level 2.8 Ice Magic


You had 3 spell levels left.
You knew the following spells:

 Your Spells              Type           Power      Damage    Failure   Level
a - Ensorcelled Hibernat  Hex/Ice        40%        N/A       2%          2
b - Confusing Touch       Hex            29%        N/A       1%          3
c - Tukima's Dance        Hex            29%        N/A       1%          3
d - Frozen Ramparts       Ice            24%        1d4       16%         3

Your spell library contained the following spells:

 Spells                   Type           Power      Damage    Failure   Level
 Freeze                   Ice            48%        1d7       5%          1
 Dazzling Flash           Conj/Hex       30%        N/A       10%         3
 Hailstorm                Conj/Ice       7%         3d4       69%         4


Dungeon Overview and Level Annotations

Branches:
Dungeon (6/15)             Temple (1/1) D:5

Altars:
Ashenzari
Cheibriados
Dithmenos
Elyvilon
Fedhas
Gozag
Hepliaklqana
Kikubaaqudgha
Makhleb
Nemelex Xobeh
Okawaru
Qazlal
Ru
Sif Muna
Trog
Uskayaw
Vehumet
Wu Jian
Yredelemnul
Zin
The Shining One


Innate Abilities, Weirdness & Mutations

You do not regenerate when monsters are visible.
You are frail without blood (-20% HP).
You can heal yourself when you bite living creatures.
You are immune to poison.
You have razor-sharp teeth.
You have supernaturally acute eyesight. (SInv)
You are afflicted with vampirism and can become a bat while bloodless.


Message History

The orc priest is heavily wounded.
The orc priest hits you but does no damage.
Your magical contamination has completely faded away.
You hit the orc priest.
The orc priest is severely wounded.
The orc priest mumbles some strange prayers to Beogh against you.
Beogh smites you!
You completely miss the orc priest. Your bite misses the orc priest.
The orc priest is heavily wounded.
The orc priest miscasts a cantrip.
You hit the orc priest but do no damage.
The orc priest is heavily wounded.
Aiming: Ensorcelled Hibernation (safe; 2% risk of failure)
Press: ? - help, Q - select action, (/) - cycle Shift-Dir - straight line, f/p - orc priest
Aim: an orc priest, wielding a +0 dagger and wearing a +0 leather armour (heavily wounded, chance to affect: 70%)
The orc priest resists with significant effort.
The orc priest completely misses you.
You hit the orc priest but do no damage.
The orc priest is heavily wounded.
The orc priest hits you but does no damage.
You hit the orc priest. Your bite misses the orc priest.
The orc priest is severely wounded.
The orc priest misses you.
You hit the orc priest. Your bite misses the orc priest.
The orc priest is almost dead.
The orc priest hits you with a +0 dagger.
* * * LOW HITPOINT WARNING * * *
You hit the orc priest but do no damage.
The orc priest is severely wounded.
The orc priest hits you but does no damage.
You closely miss the orc priest.
The orc priest is severely wounded.
You barely miss the orc priest.
The orc priest is severely wounded.
The orc priest invokes the aid of Beogh against you.
Beogh smites you!
Your necklace shatters, unleashing a wave of protective dreams!
You dream of health, friendship, and clouds.
Unknown command.
Are you sure you want to abandon this character and quit the game? (Confirm with "yes".)

####..........# ##....
..............# #.....
#....o........###..###
..............#......#
#......s......#.##...#
#............##.##...#
#....o..........##...#
#.#######W.##.###.##...#
#....nS@os........#.....
##########.#............
#.+............
#.#............
#.#............
#.#............
######.#............
#......#............
###.######............


You could see a scorpion, an orc priest (ally target), a friendly water moccasin
(summoned), a friendly necrophage (summoned) and a friendly phantom (summoned).

Vanquished Creatures
  Grinder (D:3)
  Menkaure (D:4)
  A sky beast (D:6)
  A phantom (D:4)
  A necrophage (D:5)
  A scorpion (D:4)
  A howler monkey (D:6)
  2 orc priests (D:5)
  5 hounds
  Jessica (D:3)
  An iguana (D:4)
  2 orc wizards (D:5)
  4 gnolls (D:5)
  8 adders
  An ufetubus (D:4)
  3 worms
  4 dart slugs
  6 orcs
  8 ball pythons
  6 endoplasms
  A giant cockroach (D:2)
  3 goblins
  5 hobgoblins
  2 quokkas
  7 bats
  4 frilled lizards
  9 kobolds
  8 rats
97 creatures vanquished.

Vanquished Creatures (collateral kills)
  An orc warrior (D:6)
1 creature vanquished.

Grand Total: 98 creatures vanquished

Notes
Turn   | Place    | Note
-------+----------+-------------------------------------------
     0 | D:1      | happo123 the Vampire Enchanter began the quest for the Orb.
     0 | D:1      | Reached XP level 1. HP: 13/13 MP: 3/3
    50 | D:1      | Found a faded altar of an unknown god.
   217 | D:1      | Reached XP level 2. HP: 14/19 MP: 5/5
   220 | D:1      | Learned a level 2 spell: Ensorcelled Hibernation
  1095 | D:2      | Reached skill level 5 in Stealth
  1136 | D:2      | Gained mutation: You are afflicted with vampirism and can
                  | become a bat while bloodless. [Vampire growth]
  1136 | D:2      | Reached XP level 3. HP: 19/20 MP: 0/6
  1149 | D:2      | Learned a level 3 spell: Confusing Touch
  1265 | D:2      | Reached skill level 5 in Hexes
  1539 | D:2      | Reached XP level 4. HP: 24/24 MP: 2/7
  2051 | D:3      | Reached skill level 1 in Fighting
  2072 | D:3      | Noticed Grinder
  2092 | D:3      | Killed Grinder
  2093 | D:3      | Reached skill level 1 in Ice Magic
  2093 | D:3      | Reached XP level 5. HP: 21/29 MP: 1/8
  2093 | D:3      | Reached XP level 6. HP: 25/34 MP: 1/9
  2097 | D:3      | Learned a level 3 spell: Tukima's Dance
  2389 | D:3      | Noticed Jessica
  2392 | D:3      | Killed Jessica
  2975 | D:4      | Noticed Menkaure
  2996 | D:4      | Killed Menkaure
  2997 | D:4      | Reached XP level 7. HP: 40/40 MP: 6/11
  3001 | D:4      | Learned a level 3 spell: Frozen Ramparts
  3212 | D:5      | Entered Level 5 of the Dungeon
  3353 | D:5      | HP: 2/40 [orc priest/divine providence (9)]
  3696 | D:5      | Found a staircase to the Ecumenical Temple.
  3705 | Temple   | Entered the Ecumenical Temple
  3708 | Temple   | Became a worshipper of the Wu Jian Council
  4527 | D:5      | Found the dreamshard necklace {*Dream Drain}
  4654 | D:6      | Reached XP level 8. HP: 45/45 MP: 13/13
  4806 | D:6      | Quit the game

Illustrated notes

Levels and vault maps discovered:
D:1:      ncdulo_lavacross, layout_basic, serial_rivers,
          chequers_serial_rivers_marsh, chequers_serial_rivers_micro_c,
          chequers_serial_rivers_large_a, chequers_serial_rivers_small_a,
          chequers_serial_rivers_micro_e, chequers_serial_rivers_room_b,
          ebering_ecumenical_altar_box, serial_bayou_ford_a
D:2:      layout_loops_ring, minmay_surrounded
D:3:      layout_loops_ring, item_on_display_b, uniq_jessica, uniq_grinder
D:4:      layout_rooms, uniq_menkaure
D:5:      layout_loops_corners, minmay_temple_entry_large_hall, minivault_27,
          chequers_decorated_corner
D:6:      layout_basic, mainiacjoe_overflow_cross_hatched, serial_shops,
          nicolae_take_the_stairs, hangedman_decor_growths
Temple:   dpeg_three_leaves_temple

Skill      XL: |  1  2  3  4  5  6  7  8 |
---------------+-------------------------+-----
Stealth        | 5 6 7 8 |  8.5
Hexes          | 5 6 7 8 |  8.1
Fighting       | 1 2 |  2.6
Short Blades   | 2 3 |  3.5
Dodging        | 3 4 |  4.2
Ice Magic      | 1 2 |  2.8
Spellcasting   | 3 |  3.5

Action                   |  1- 3 |  4- 6 |  7- 9 || total
-------------------------+-------+-------+-------++-------
Melee: Dagger            |    91 |    59 |    59 ||   209
       Bite              |     6 |     3 |     5 ||    14
 Cast: Ensorcelled Hiber |    15 |    12 |    19 ||    46
       Confusing Touch   |       |     2 |       ||     2
       Frozen Ramparts   |       |       |     2 ||     2
       Tukima's Dance    |       |       |     1 ||     1
Invok: Lunge             |       |       |     7 ||     7
 Abil: Exsanguinate      |     1 |       |       ||     1
       End Transformatio |       |       |     2 ||     2
       Bat Form          |       |       |     2 ||     2
 Stab: Sleeping          |    25 |    23 |    21 ||    69
       Confused          |       |     2 |       ||     2
Armor: Robe              |    30 |    13 |    13 ||    56
Dodge: Dodged            |    59 |    33 |    25 ||   117

Table legend: (Time is in decaauts)
 A = Elapsed time spent in this place.
 B = Non-inter-level travel time spent in this place.
 C = Inter-level travel time spent in this place.
 D = Time resting spent in this place.
 E = Time spent auto-exploring this place.
 F = Levels seen in this place.
 G = Mean time per level.
                   A        B        C        D        E       F      G
               +--------+--------+--------+--------+--------+-----+--------+
         Total |   4793 |   4354 |    439 |    145 |   3282 |   7 |  684.7 |
       Dungeon |   4712 |   4289 |    423 |    145 |   3227 |   6 |  785.3 |
        Temple |     80 |     64 |     16 |      0 |     55 |   1 |   80.0 |
               +--------+--------+--------+--------+--------+-----+--------+

Top non-repeatable levels by time:
     D:5: 1324 daAuts
     D:1: 1037 daAuts
     D:3: 829 daAuts
     D:2: 807 daAuts
     D:4: 560 daAuts
     D:6: 153 daAuts
  Temple: 80 daAuts
